 Dungeon Crawl Stone Soup version 0.32-a0-485-g70f7560b1c (webtiles) character file.

Game seed: 5638397222581298846

1532179 gimp the Sorcerer (level 25, 135/135 HPs)
             Began as a Deep Elf Fire Elementalist on Feb 27, 2024.
             Was the Champion of Vehumet.
             Escaped with the Orb
             ... and 3 runes!
             The game lasted 02:38:34 (80278 turns).

gimp the Sorcerer (Deep Elf Fire Elementalist)     Turns: 80278, Time: 02:38:34

Health: 135/135    AC: 26    Str:  7    XL:     25   Next: 65%
Magic:  54/54      EV: 16    Int: 35    God:    Vehumet [******]
Gold:   4038       SH: 17    Dex: 21    Spells: 13/74 levels left

rFire   + + +        a - +3 Elemental Staff {ele, rElec rF+ rC+ AC+3}
rCold   + + +        j - +2 kite shield
rNeg    + + +        f - +7 swamp dragon scales
rPois   +            Q - +3 crown of Dyrovepreva {rElec Int+2 SInv}
rElec   +            F - scarf {rC+ rF+}
rCorr   .            A - +0 pair of gloves
SInv    +            z - +2 pair of boots of Udian {rF+ Regen+ SInv Clar}
Will    +++++        O - amulet of the Four Winds {rN+ Will+++ Clar}
Stlth   +            V - ring of Xaepij {rC++ rN++ Int-2 Dex+6}
HPRegen 1.22/turn    i - ring "Woecw" {Int+6 Stlth+}
MPRegen 0.34/turn

%: clarity
@: no status effects
A: dopey 1, frail 1, wild magic 1
0: Orb of Zot
}: 3/15 runes: barnacled, slimy, gossamer
a: Renounce Religion


You escaped.
You worshipped Vehumet.
Vehumet was exalted by your worship.
You visited 10 branches of the dungeon, and saw 51 of its levels.
You also visited: Sewer and Ice Cave.

You collected 9241 gold pieces.
You spent 5203 gold pieces at shops.

Inventory:

Hand Weapons
 a - the +3 Elemental Staff (weapon) {ele, rElec rF+ rC+ AC+3}
   (You took it off a deep elf elementalist on level 3 of the Elven Halls)

   AC+3:      It affects your AC (+3).
   rF+:       It protects you from fire.
   rC+:       It protects you from cold.
   rElec:     It insulates you from electricity.
 b - the +5 rapier of Hubrestru {venom, rC+ rCorr Str+6 Dex+2}
   (You took it off an ogre mage on level 15 of the Dungeon)

   Str+6:     It affects your strength (+6).
   Dex+2:     It affects your dexterity (+2).
   rC+:       It protects you from cold.
   rCorr:     It protects you from acid and corrosion.
Missiles
 t - 9 throwing nets
 v - 4 curare-tipped darts
Armour
 f - +7 swamp dragon scales (worn)
 j - a +2 kite shield (worn)
 z - the +2 pair of boots of Udian (worn) {rF+ Regen+ SInv Clar}
   (You bought it in a shop on level 1 of the Depths)

   rF+:       It protects you from fire.
   SInv:      It lets you see invisible.
   Clar:      It protects you from confusion, rage, mesmerisation and fear.
   Regen+:    It increases your rate of health regeneration.
 A - a +0 pair of gloves (worn)
 F - a scarf of resistance (worn)
 Q - the +3 crown of Dyrovepreva (worn) {rElec Int+2 SInv}
   (You bought it in a shop on level 2 of the Orcish Mines)

   Int+2:     It affects your intelligence (+2).
   rElec:     It insulates you from electricity.
   SInv:      It lets you see invisible.
 X - a +2 buckler
Magical Staves
 c - the staff "Death Rattle" {rElec rCorr Dex-3 Earth}
   (You found it on level 5 of the Pits of Slime)

   [staff of earth]

   Base accuracy: +5 Base damage: 5 Base attack delay: 1.2 This weapon's minimum
   attack delay (0.6) is reached at skill level 12.
   Dex-3:     It affects your dexterity (-3).
   rElec:     It insulates you from electricity.
   rCorr:     It protects you from acid and corrosion.
   Earth:     It increases the power of your Earth spells.
   It falls into the 'Staves' category.
   It is a one-handed weapon.
Jewellery
 i - the ring "Woecw" (right hand) {Int+6 Stlth+}
   (You took it off a merfolk impaler on level 1 of the Shoals)

   [ring of intelligence]

   Int+6:     It affects your intelligence (+6).
   Stlth+:    It makes you more stealthy.
 u - a ring of resist corrosion
 D - an amulet of magic regeneration
 J - a ring of flight
 O - the amulet of the Four Winds (around neck) {rN+ Will+++ Clar}
   (You found it on level 2 of the Spider Nest)

   [amulet of nothing]

   rN+:       It protects you from negative energy.
   Will+++:   It greatly increases your willpower.
   Clar:      It protects you from confusion, rage, mesmerisation and fear.
 U - a ring of protection from fire
 V - the ring of Xaepij (left hand) {rC++ rN++ Int-2 Dex+6}
   (You found it on level 1 of the Shoals)

   [ring of dexterity]

   Int-2:     It affects your intelligence (-2).
   Dex+6:     It affects your dexterity (+6).
   rC++:      It greatly protects you from cold.
   rN++:      It greatly protects you from negative energy.
Wands
 s - a wand of quicksilver (30)
 x - a wand of digging (1)
 C - a wand of flame (71)
 T - a wand of roots (23)
Scrolls
 d - 6 scrolls of revelation
 g - 10 scrolls of vulnerability
 l - 17 scrolls of teleportation
 m - 7 scrolls of blinking
 r - 6 scrolls of amnesia
 y - 7 scrolls of fog
 B - 3 scrolls of poison
 H - 7 scrolls of butterflies
 S - 10 scrolls of fear
Potions
 h - 5 potions of magic
 k - 4 potions of haste
 n - 4 potions of invisibility
 p - 6 potions of brilliance
 q - 14 potions of curing
 w - 8 potions of heal wounds
 E - 4 potions of cancellation
 I - 10 potions of ambrosia
 K - 8 potions of enlightenment
 N - 3 potions of mutation
 W - 6 potions of resistance
Miscellaneous
 e - a phantom mirror
 o - a lightning rod (4/4)


   Skills:
 + Level 13.3 Fighting
 - Level 6.0 Armour
 - Level 14.0 Dodging
 - Level 2.4 Stealth
 - Level 17.0 Shields
 - Level 25.0 Spellcasting
 + Level 21.2 Conjurations
 - Level 4.0 Translocations
 - Level 18.0 Fire Magic
 - Level 4.0 Ice Magic
 + Level 22.9 Air Magic
 - Level 8.0 Earth Magic
 - Level 4.0 Alchemy


You had 13 spell levels left.
You knew the following spells:

 Your Spells              Type           Power      Damage    Failure   Level
a - Bombard               Conj/Erth      68%        9d11      1%          6
b - Freezing Cloud        Conj/Ice/Air   83%        6-21      1%          5
c - Apportation           Tloc           100%       N/A       1%          1
d - Mephitic Cloud        Conj/Alch/Air  100%       N/A       1%          3
e - Orb of Destruction    Conj           64%        9d15      1%          7
f - Fireball              Conj/Fire      75%        3d28      1%          5
g - Plasma Beam           Fire/Air       89%        2x1d107   1%          6
h - Iskenderun's Mystic   Conj/Tloc      100%       2d19      1%          4
i - Irradiate             Conj/Alch      53%        3d29      1%          5
j - Stone Arrow           Conj/Erth      100%       3d13      1%          3
k - Maxwell's Capacitive  Air            79%        ∞         1%          8
l - Ignition              Fire           73%        3d19      5%          8

Your spell library contained the following spells:

 Spells                   Type           Power      Damage    Failure   Level
 Chain Lightning          Conj/Air       78%        3d104     14%         9
 Shatter                  Erth           57%        3d43*     100%        9
 Foxfire                  Conj/Fire      100%       2x1d9     1%          1
 Kiss of Death            Conj/Necr      100%       2d13      1%          1
 Magic Dart               Conj           100%       1d8       1%          1
 Sting                    Conj/Alch      100%       1d9       1%          1
 Mercury Vapours          Alch/Air       100%       N/A       1%          2
 Scorch                   Fire           100%       2d9       1%          2
 Searing Ray              Conj           100%       2d8       1%          2
 Hailstorm                Conj/Ice       100%       3d16      1%          3
 Inner Flame              Hex/Fire       100%       N/A       1%          3
 Passwall                 Erth           100%       N/A       1%          3
 Swiftness                Air            100%       N/A       1%          3
 Volatile Blastmotes      Fire/Tloc      100%       2d18      1%          3
 Flame Wave               Conj/Fire      100%       2d21      1%          4
 Fulminant Prism          Conj/Alch      53%        3d23      1%          4
 Ignite Poison            Fire/Alch      100%       N/A       1%          4
 Sticky Flame             Fire/Alch      100%       2d15      1%          4
 Summon Blazeheart Golem  Fire/Summ      100%       N/A       1%          4
 Vhi's Electric Charge    Tloc/Air       100%       N/A       1%          4
 Arcjolt                  Conj/Air       78%        1d88      1%          5
 Iskenderun's Battlesphe  Conj           100%       2d15      1%          5
 Lee's Rapid Deconstruct  Erth           57%        3d26*     1%          5
 Lesser Beckoning         Tloc           100%       N/A       2%          2
 Gell's Gravitas          Tloc           75%        N/A       3%          3
 Ozocubu's Armour         Ice            96%        N/A       3%          3
 Teleport Other           Tloc           75%        N/A       3%          3
 Olgreb's Toxic Radiance  Alch           75%        N/A       3%          4
 Ensorcelled Hibernation  Hex/Ice        100%       N/A       4%          2
 Leda's Liquefaction      Alch/Erth      52%        N/A       5%          4
 Necrotise                Necr           100%       1d9       6%          1
 Slow                     Hex            100%       N/A       6%          1
 Summon Small Mammal      Summ           100%       N/A       6%          1
 Summon Ice Beast         Ice/Summ       85%        N/A       8%          3
 Animate Armour           Summ/Erth      100%       N/A       11%         4
 Manifold Assault         Tloc           75%        N/A       11%         4
 Spellforged Servitor     Conj/Summ      50%        N/A       13%         7
 Call Canine Familiar     Summ           54%        N/A       16%         3
 Confusing Touch          Hex            54%        N/A       16%         3
 Fugue of the Fallen      Necr           54%        N/A       16%         3
 Sigil of Binding         Hex            54%        N/A       16%         3
 Tukima's Dance           Hex            54%        N/A       16%         3
 Vampiric Draining        Necr           54%        2d9       16%         3
 Lehudib's Crystal Spear  Conj/Erth      68%        10d16     19%         8
 Dimensional Bullseye     Hex/Tloc       33%        N/A       22%         4
 Borgnjor's Vile Clutch   Necr/Erth      48%        N/A       26%         5
 Eringya's Noxious Bog    Alch           37%        4d6       32%         6
 Anguish                  Hex/Necr       27%        N/A       43%         4
 Animate Dead             Necr           54%        N/A       43%         4
 Cause Fear               Hex            27%        N/A       43%         4
 Martyr's Knell           Necr/Summ      54%        N/A       43%         4
 Summon Forest            Summ/Tloc      33%        N/A       47%         5
 Curse of Agony           Necr           54%        N/A       75%         5
 Summon Mana Viper        Hex/Summ       54%        N/A       75%         5
 Dispersal                Tloc           37%        N/A       78%         6
 Sculpt Simulacrum        Ice/Alch       48%        N/A       78%         6
 Ozocubu's Refrigeration  Ice            48%        4d18      82%         7
 Death Channel            Necr           27%        N/A       99%         6
 Summon Cactus Giant      Summ           27%        N/A       99%         6
 Enfeeble                 Hex            27%        N/A       100%        7
 Haunt                    Necr/Summ      27%        N/A       100%        7
 Borgnjor's Revivificati  Necr           27%        N/A       100%        8
 Infestation              Necr           27%        N/A       100%        8
 Death's Door             Necr           27%        N/A       100%        9
 Polar Vortex             Ice            48%        12d6*     100%        9


Dungeon Overview and Level Annotations

Branches:
Dungeon (15/15)            Temple (0/1) D:6            Lair (5/5) D:9
 Shoals (4/4) Lair:2       Spider (4/4) Lair:2        Slime (5/5) Lair:4
    Orc (2/2) D:10            Elf (3/3) Orc:2        Vaults (4/5) D:13
  Crypt (0/3) Vaults:2     Depths (4/4) D:15            Zot (5/5) Depths:4
  Sewer (visited)           IceCv (visited)

Altars:
Ashenzari
Cheibriados
Dithmenos
Fedhas
Gozag
Hepliaklqana
Kikubaaqudgha
Ru
Sif Muna
Trog
Uskayaw
Vehumet
Wu Jian
Xom
Yredelemnul
The Shining One

Shops:
D:12 :   Orc:2 *(![:   Elf:1 (   Elf:2 ?*[   Shoals:3 ?   Vaults:1 [
Depths:1 *   Depths:2 =(   Depths:3 ?

Portals:
Hell: Depths:1 Depths:2 Depths:3 Depths:4
Abyss: Depths:3
Pandemonium: Depths:1 Depths:2
Ziggurat: Depths:3

Annotations:
D:5 Sigmund
D:7 1 runed translucent door, exclusion: door, Crazy Yiuf
D:9 exclusion: acid dragon
D:11 2 transporters, Lightli's ghost, journeyman CoCK
Lair:5 exclusion: 3 doors
Spider:1 2 runed translucent doors, exclusion: 2 doors, mdonais's ghost, adept OpAl
Elf:1 8 runed translucent doors, exclusion: 8 doors
Elf:2 3 runed translucent doors, exclusion: 3 doors
Vaults:1 1 runed translucent door, exclusion: door, Ruxt's ghost, adept MiFi
Vaults:4 3 runed translucent doors, exclusion: 3 doors
Zot:3 3 runed translucent doors, exclusion: 3 doors, Kinwaexu's ghost, veteran OnBe


Innate Abilities, Weirdness & Mutations

You are dopey. (Int -2)
You are frail. (-10% HP)
Your spells are a little harder to cast, but a little more powerful.


Message History

There is a stone staircase leading down here.
There is an open door here.
There is an open door here.
There is a stone staircase leading up here.
You climb upwards.
There is a stone staircase leading down here.
Magic restored.
There is an escape hatch in the ceiling here.
A mysterious force pulls you upwards. The hatch slams shut behind you.
Level annotation: 1 runed translucent door, exclusion: door, Crazy Yiuf
There is an open door here.
An Ice Fiend comes into view.
MP restored: 54
Casting: Bombard (mildly dangerous; 1% risk of failure)
Confirm with . or Enter, or press ? or * to list all spells.
Aiming: Bombard (mildly dangerous; 1% risk of failure)
Press: ? - help, Shift-Dir - straight line, f - Ice Fiend
Aim: an Ice Fiend (91% to hit)
You feel a surge of power!
The iron shot hits the Ice Fiend!!!
The Ice Fiend is heavily wounded.
You now have 48/54 mp.
Casting: Bombard (mildly dangerous; 1% risk of failure)
Confirm with . or Enter, or press ? or * to list all spells.
Aiming: Bombard (mildly dangerous; 1% risk of failure)
Press: ? - help, Shift-Dir - straight line, f/p - Ice Fiend
Aim: an Ice Fiend (heavily wounded, 91% to hit)
You feel a surge of power!
The iron shot hits the Ice Fiend!!!
The Ice Fiend is almost dead.
The blast sends you backwards.
The Ice Fiend calls on the powers of darkness!
Your body is wracked with pain!
You take 46 damage, and have 89/135 hp.
MASSIVE DAMAGE!!
You now have 42/54 mp.
Casting: Bombard (mildly dangerous; 1% risk of failure)
Confirm with . or Enter, or press ? or * to list all spells.
Aiming: Bombard (mildly dangerous; 1% risk of failure)
Press: ? - help, Shift-Dir - straight line, f/p - Ice Fiend
Aim: an Ice Fiend (almost dead, 91% to hit)
You feel a surge of power!
The iron shot hits the Ice Fiend!!!
You kill the Ice Fiend!
Vehumet accepts your kill.
You feel your power returning.
You now have 38/54 mp.
A reaper comes into view. It is wielding a +1 heavy scythe.
You regained 2 hp, and now have 92/135 hp.
There is a stone staircase leading up here.
You climb upwards.
There is a stone staircase leading down here.
You regained 3 hp, and now have 96/135 hp.
Items here: )) [[.
Things that are here:
a +0 plate armour; a +0 mace
Things that are here:
a +2 dagger of draining; an orc skeleton You see here a +0 flail.
Things that are here:
4 stones; a +2 leather armour of cold resistance; a +0 hand axe HP restored.
There is a stone staircase leading up here.
You climb upwards.
Level annotation: Sigmund Magic restored.
There is a stone staircase leading down here.
There is an open door here.
You see here a hound skeleton.
There is a stone staircase leading up here.
You climb upwards.
There is a stone staircase leading down here.
There is a stone staircase leading up here.
You climb upwards.
There is a stone staircase leading down here.
Things that are here:
a +0 robe; a +0 dagger; a +0 whip You see here 4 poisoned darts.
A hobgoblin comes into view.
Health restored: 135; MP restored: 54
Casting: Bombard (mildly dangerous; 1% risk of failure)
Confirm with . or Enter, or press ? or * to list all spells.
You can't see any susceptible monsters within range! (Use Z to cast anyway.)
The hobgoblin shouts!
There is a stone staircase leading up here.
You climb upwards.
There is a stone staircase leading down here.
There is an open door here.
There is an open door here.
There is a stone staircase leading up here.
You climb upwards.
There is a stone staircase leading down here. 2 golden eyes come into view.
The golden eye turns its gaze towards you. x2
The golden eye blinks!
The golden eye blinks!
Things that are here:
a +0 club; a goblin skeleton Blink to where?
Press: ? - help, Dir - move target
As you read the scroll of blinking, it crumbles to dust.
Blink to where?
Press: ? - help, Dir - move target
As you read the scroll of blinking, it crumbles to dust.
You have escaped!

.......#####...........#
####.#.#...............#
÷....#.#...............###
.....#.#......####.......#
.....#.######## #.###.#.#
+###.#.###########.###.#.#
.###.#.............#...#.#
.....###############.###.#
....## #.@.##.###.#
.##.### ##...##.....#
......# #P...P#######
§.....# ##.P.## ......#
#P.P.P# ......# ##...##
......# #P...P# ......#
##...## ###'#.# #P...P#


There were no monsters in sight!

Vanquished Creatures
  the Royal Jelly (Slime:5)
  A dread lich (Zot:5)
  4 orbs of fire
  3 ancient liches (Zot:5)
  10 Killer Klowns
  A caustic shrike (Depths:3)
  A golden dragon (shapeshifter) (Zot:2)
  7 curse toes
  8 golden dragons
  Arachne (Spider:3)
  Nikola (Spider:4)
  4 electric golems
  23 tentacled monstrosities
  A Brimstone Fiend (D:11)
  Jorgrun (Orc:2)
  An Ice Fiend (D:7)
  3 liches (Depths:2)
  Asterion (Depths:1)
  2 deep elf blademasters (Elf:3)
  A walking crystal tome (Depths:3)
  26 Orb Guardians
  19 acid blobs
  A caustic shrike (shapeshifter) (Zot:2)
  5 quicksilver dragons
  2 deep elf master archers (Elf:3)
  Frances (Elf:1)
  3 sphinxes
  9 death cobs
  A kraken (Shoals:3)
  Kirke (D:13)
  11 shadow dragons
  Ilsuiw (Shoals:4)
  4 fire giants
  Aizul (Spider:3)
  5 tengu reavers
  Donald (Spider:4)
  7 draconian monks
  A sphinx (shapeshifter) (Zot:2)
  13 storm dragons
  4 protean progenitors (Zot:2)
  10 azure jellies
  Roxanne (Elf:1)
  9 rockslimes
  8 draconian knights
  11 vault wardens
  8 emperor scorpions
  9 frost giants
  15 draconian scorchers
  4 draconian shifters
  A balrug (D:15)
  6 deep elf sorcerers
  9 ghost moths
  2 deep elf elementalists (Elf:3)
  5 draconian annihilators
  5 broodmothers
  7 draconian stormcallers
  19 ironbound preservers
  A reaper (Depths:1)
  4 orc warlords
  11 very ugly things
  17 quicksilver oozes
  2 spriggan defenders (Depths:3)
  4 ironbound thunderhulks (Vaults:3)
  A very ugly thing (shapeshifter) (Zot:2)
  Nessos (D:14)
  7 formless jellyfish
  9 green draconians
  3 stone giants
  2 deep elf death magi (Elf:3)
  6 deep elf demonologists (Elf:3)
  8 deep elf annihilators (Elf:3)
  6 black draconians
  12 yellow draconians
  A bunyip (Zot:2)
  9 spark wasps
  6 dire elephants
  17 purple draconians
  8 red draconians
  16 white draconians
  Snorg (D:13)
  6 ettins
  5 merfolk javelineers (Shoals:4)
  14 fire dragons
  7 yaktaur captains
  3 deep elf high priests
  A hell beast (D:13)
  12 merfolk impalers
  2 rakshasas
  11 entropy weavers
  10 hydras
  6 ice dragons
  An alligator (Zot:2)
  3 radroaches
  2 peacekeepers
  13 vault guards
  8 great orbs of eyes
  6 ironbound frosthearts
  3 jorogumos
  2 merfolk avatars
  3 spriggan air magi
  2 ogre magi (D:15)
  19 centaur warriors
  3 catoblepae
  16 dancing weapons
  3 merfolk aquamancers
  3 two-headed ogres
  9 boulder beetles
  A spark wasp (shapeshifter) (Zot:2)
  A death knight (D:15)
  7 death yaks
  A sphinx skeleton (Depths:3)
  A satyr (Shoals:2)
  5 tengu warriors
  10 demonic crawlers
  A deep troll shaman (Depths:2)
  4 spriggan berserkers (Depths:3)
  2 deep troll earth magi
  A vampire mage (Depths:2)
  3 occultists
  5 hell knights
  2 orc high priests
  4 sun demons (D:15)
  11 deep elf knights
  Amaemon (D:8)
  6 skysharks
  12 pharaoh ants
  An iron troll (Depths:2)
  5 glowing orange brains
  7 skeletal warriors
  2 orange crystal statues (IceCv)
  14 sea snakes
  A flayed ghost (Depths:1)
  8 arcanists
  A shadow demon (Depths:1)
  46 deep trolls
  4 orb spiders
  An obsidian statue (Zot:5)
  8 deep elf archers
  15 orc knights
  8 lindwurms
  Pikel (D:7)
  19 ironbound convokers
  25 deep elf pyromancers
  16 harpies
  7 steelbarb worms
  4 thermic dynamos (Elf:1)
  14 wolf spiders
  4 necromancers
  19 deep elf zephyrmancers
  22 ugly things
  3 orc sorcerers
  A manticore (shapeshifter) (Depths:2)
  13 cyclopes
  An oklob plant (Shoals:3)
  A shining eye (Slime:1)
  18 manticores
  20 fauns
  7 meliai
  3 kobold blastminers (Orc:2)
  A rust devil (D:15)
  4 elephants (Lair:4)
  21 moths of wrath
  6 black mambas
  A water nymph (shapeshifter) (Depths:4)
  9 merfolk sirens
  A gargoyle (D:12)
  7 water nymphs
  8 vault sentinels
  2 eyes of devastation
  10 torpor snails
  An orange demon (D:8)
  13 cane toads
  Maggie (D:7)
  Joseph (D:7)
  10 komodo dragons
  4 freezing wraiths (D:15)
  21 yaktaurs
  3 kobold demonologists (D:12)
  Jeremiah (D:8)
  3 tengu conjurers
  3 efreet
  Psyche (D:9)
  A golden dragon simulacrum (Depths:3)
  6 rime drakes
  6 trolls
  27 merfolk
  3 wind drakes
  4 hornets
  3 polar bears
  25 tarantellas
  2 wolf spider simulacra
  3 glass eyes
  17 blink frogs
  13 dream sheep
  11 snapping turtles
  A centaur simulacrum (D:15)
  13 culicivoras
  An air elemental (Elf:2)
  130 slime creatures
  2 spriggans (Depths:3)
  A vampire (D:13)
  26 jumping spiders
  20 water elementals
  A shadow (D:10)
  A human (shapeshifter) (D:15)
  4 wyverns
  2 yaks (shapeshifter) (D:15)
  38 yaks
  6 humans (D:9)
  6 golden eyes (Slime:1)
  3 hogs (D:13)
  2 fire elementals (Elf:1)
  A golden eye (shapeshifter) (D:14)
  2 steam dragons
  42 redbacks
  A vampire mosquito (D:15)
  7 basilisks
  A chaos spawn (Zot:2)
  3 wargs
  2 acid dragons
  A hell hound (Lair:5)
  11 water moccasins
  A glowing shapeshifter zombie (Depths:3)
  4 great orb of eyes simulacra (IceCv)
  25 orc warriors
  3 black bears
  3 ice beasts
  23 centaurs
  2 laughing skulls (D:15)
  8 ogres
  3 boggarts
  A slime creature simulacrum (IceCv)
  11 wolves
  A phantom (D:6)
  15 kobold brigands
  2 lemures (D:7)
  8 bullfrogs
  A brain worm (shapeshifter) (D:15)
  6 scorpions
  6 glowing shapeshifter simulacra
  2 earth elementals
  4 wights (D:8)
  A howler monkey (D:12)
  4 crimson imps (D:10)
  16 orc priests
  A bombardier beetle (D:5)
  5 hounds
  3 jellies
  2 gnoll boudas
  Terence (D:2)
  A sleepcap (D:4)
  5 iguanas
  7 hell rats (Lair:1)
  34 orc wizards
  16 gnolls
  8 adders
  3 river rats (Sewer)
  A shadow imp (D:7)
  5 white imps
  3 dart slugs
  7 ribbon worms
  79 orcs
  5 ball pythons
  9 endoplasms
  7 giant cockroaches
  4 goblins
  13 hobgoblins
  A jackal (D:9)
  10 quokkas
  4 bats
  4 frilled lizards
  33 kobolds
  8 rats
  5 aspiring fleshes (Zot:2)
2057 creatures vanquished.

Vanquished Creatures (collateral kills)
  A foxfire (D:1)
1 creature vanquished.

Vanquished Creatures (others)
  A jackal (D:9)
  503 foxfires
504 creatures vanquished.

Grand Total: 2562 creatures vanquished

Notes
Turn   | Place    | Note
-------+----------+-------------------------------------------
     0 | D:1      | gimp the Deep Elf Fire Elementalist began the quest for the
                  | Orb.
     0 | D:1      | Reached XP level 1. HP: 10/10 MP: 6/6
   351 | D:1      | Reached XP level 2. HP: 15/15 MP: 2/8
   616 | D:1      | Found a faded altar of an unknown god.
   873 | D:1      | Learned a level 2 spell: Scorch
  1272 | D:2      | Reached XP level 3. HP: 19/19 MP: 6/10
  1569 | D:2      | Reached skill level 4 in Spellcasting
  1836 | D:2      | Noticed Terence
  1856 | D:2      | Killed Terence
  1857 | D:2      | Reached XP level 4. HP: 24/24 MP: 4/12
  2111 | D:3      | Found an opulent altar of Gozag.
  2355 | D:3      | Reached XP level 5. HP: 28/28 MP: 8/14
  2509 | D:3      | Found a radiant altar of Vehumet.
  2513 | D:3      | Became a worshipper of Vehumet
  2575 | D:3      | Found a glowing drain.
  2603 | Sewer    | Entered a sewer
  2719 | Sewer    | Reached skill level 5 in Spellcasting
  2827 | Sewer    | Reached skill level 5 in Fire Magic
  2827 | Sewer    | Reached XP level 6. HP: 24/32 MP: 11/16
  2916 | Sewer    | Reached skill level 6 in Spellcasting
  3064 | Sewer    | Reached skill level 10 in Fighting
  3064 | Sewer    | Reached XP level 7. HP: 16/52 MP: 18/18
  3079 | Sewer    | Reached XP level 8. HP: 46/57 MP: 10/19
  3430 | Sewer    | Reached * piety under Vehumet
  3430 | Sewer    | Offered knowledge of Freeze by Vehumet.
  3765 | D:3      | Reached skill level 5 in Conjurations
  3942 | D:3      | Learned a level 4 spell: Flame Wave
  3958 | D:3      | Found a hazy altar of Hepliaklqana.
  3959 | D:3      | Found a shimmering altar of Xom.
  3959 | D:3      | Noticed a will-o-the-wisp
  3960 | D:3      | Noticed a spectral ugly thing
  3960 | D:3      | Noticed a will-o-the-wisp
  3960 | D:3      | Noticed a will-o-the-wisp
  4559 | D:4      | Reached ** piety under Vehumet
  4559 | D:4      | Offered knowledge of Momentum Strike by Vehumet.
  5097 | D:4      | Reached skill level 7 in Spellcasting
  5310 | D:5      | Entered Level 5 of the Dungeon
  5596 | D:5      | Reached XP level 9. HP: 61/62 MP: 15/21
  5646 | D:5      | Found a blossoming altar of Fedhas.
  5646 | D:5      | Found a hide-covered altar of Uskayaw.
  5654 | D:5      | Found a broken altar of Ashenzari.
  5656 | D:5      | Found an ancient bone altar of Kikubaaqudgha.
  5658 | D:5      | Found a faded altar of an unknown god.
  6402 | D:5      | Noticed Sigmund
  6497 | D:5      | You fall into a shaft and drop 1 floor!
  6673 | D:6      | Offered knowledge of Hailstorm by Vehumet.
  6911 | D:6      | Reached skill level 8 in Spellcasting
  7032 | D:6      | Identified the ring of Surprise {rF- EV+5 Dex+5}
  7034 | D:6      | Reached *** piety under Vehumet
  7208 | D:6      | Found a staircase to the Ecumenical Temple.
  7613 | D:7      | Noticed Pikel
  7645 | D:7      | Killed Pikel
  7836 | D:7      | Found a shadowy altar of Dithmenos.
  7847 | D:7      | Noticed Maggie
  7853 | D:7      | Noticed Joseph
  8145 | D:7      | Found a runed translucent door.
  8146 | D:7      | Noticed Crazy Yiuf
  8417 | D:8      | Offered knowledge of Frozen Ramparts by Vehumet.
  8418 | D:8      | Reached XP level 10. HP: 68/68 MP: 19/24
  8465 | D:8      | Noticed an orange demon
  8466 | D:8      | Noticed Amaemon
  8472 | D:8      | Killed an orange demon
  8473 | D:8      | Reached skill level 9 in Spellcasting
  8640 | D:8      | Noticed a two-headed ogre
  8645 | D:8      | Noticed Jeremiah
  8936 | D:8      | Killed Amaemon
  9428 | D:8      | Reached **** piety under Vehumet
 10049 | D:9      | Offered knowledge of Brom's Barrelling Boulder by Vehumet.
 10446 | D:9      | Found a staircase to the Lair.
 10457 | D:9      | Reached skill level 10 in Spellcasting
 10608 | D:9      | Found an ornate altar of the Wu Jian Council.
 10912 | D:9      | Noticed Psyche
 10918 | D:9      | Reached XP level 11. HP: 36/72 MP: 23/27
 10921 | D:9      | Reached skill level 13 in Spellcasting
 10921 | D:9      | Reached XP level 12. HP: 40/77 MP: 23/31
 10923 | D:9      | Killed Psyche
 11710 | D:10     | Entered Level 10 of the Dungeon
 11880 | D:10     | Found a staircase to the Orcish Mines.
 11885 | D:10     | Noticed a two-headed ogre
 11890 | D:10     | Killed a two-headed ogre
 12332 | D:10     | Reached ***** piety under Vehumet
 12332 | D:10     | Offered knowledge of Orb of Destruction by Vehumet.
 12450 | D:10     | Learned a level 3 spell: Mephitic Cloud
 12601 | D:10     | Identified the +0 plate armour of Kenix {+Blink rPois Str+3
                  | Stlth-}
 13046 | D:8      | Killed a two-headed ogre
 13128 | D:8      | Killed Jeremiah
 13129 | D:8      | Reached skill level 10 in Fire Magic
 13129 | D:8      | Reached skill level 1 in Air Magic
 13308 | D:7      | Killed Joseph
 13309 | D:7      | Reached skill level 1 in Alchemy
 13346 | D:7      | Found a snail-covered altar of Cheibriados.
 13346 | D:7      | Found a sacrificial altar of Ru.
 13386 | D:7      | Learned a level 5 spell: Freezing Cloud
 13470 | D:7      | Killed Maggie
 13824 | Lair:1   | Entered Level 1 of the Lair of Beasts
 13831 | Lair:1   | Reached skill level 14 in Spellcasting
 13831 | Lair:1   | Reached skill level 1 in Ice Magic
 14867 | Lair:2   | Noticed a catoblepas
 15041 | Lair:2   | Noticed a death yak
 15042 | Lair:2   | Noticed a death yak
 15042 | Lair:2   | Noticed a death yak
 15054 | Lair:1   | Killed a death yak
 15220 | Lair:2   | Learned a level 7 spell: Orb of Destruction
 15248 | Lair:2   | Learned a level 4 spell: Sticky Flame
 15373 | Lair:2   | Killed a death yak
 15379 | Lair:2   | Killed a death yak
 15461 | Lair:2   | Reached XP level 13. HP: 82/82 MP: 28/33
 15489 | Lair:2   | Reached skill level 15 in Spellcasting
 15760 | Lair:2   | Learned a level 6 spell: Bombard
 16238 | Lair:2   | Reached skill level 10 in Conjurations
 16238 | Lair:2   | Reached skill level 1 in Earth Magic
 16249 | Lair:2   | Found a staircase to the Shoals.
 16364 | Lair:2   | Found a hole to the Spider Nest.
 17142 | Lair:3   | Offered knowledge of Iskenderun's Battlesphere by Vehumet.
 17872 | Lair:4   | Learned a level 4 spell: Iskenderun's Mystic Blast
 18110 | Lair:4   | Found a staircase to the Slime Pits.
 18132 | Lair:4   | Reached skill level 16 in Spellcasting
 18454 | Lair:4   | Reached skill level 5 in Earth Magic
 18727 | Lair:3   | Reached skill level 1 in Translocations
 19101 | Lair:5   | Entered Level 5 of the Lair of Beasts
 19811 | Lair:5   | Reached XP level 14. HP: 88/88 MP: 15/36
 20515 | Lair:5   | Identified the +1 trident "Rempikhy" {vamp, rN++ Str+7
                  | Dex-2}
 20664 | Lair:5   | Reached skill level 17 in Spellcasting
 21297 | Orc:1    | Entered Level 1 of the Orcish Mines
 21300 | Orc:1    | Offered knowledge of Irradiate by Vehumet.
 21331 | D:10     | Learned a level 5 spell: Irradiate
 21844 | Orc:2    | Entered Level 2 of the Orcish Mines
 21866 | Orc:2    | Found Qoffum's Antique Armour Shoppe.
 21989 | Orc:2    | Noticed an orc warlord
 22030 | Orc:2    | Noticed Jorgrun
 22040 | Orc:2    | Killed Jorgrun
 22082 | Orc:2    | Killed an orc warlord
 22662 | Orc:2    | Found Jeexerr's Distillery.
 23004 | Orc:2    | Found Olyur Nyl's Antique Weapon Shoppe.
 23268 | Orc:2    | Found Rupsash's Book Emporium.
 23615 | Orc:2    | Found Omacetz's General Store.
 23773 | Orc:2    | Found a staircase to the Elven Halls.
 23816 | Orc:2    | Bought the +3 crown of Dyrovepreva {rElec Int+2 SInv} for
                  | 1490 gold pieces
 23816 | Orc:2    | Found the +3 crown of Dyrovepreva {rElec Int+2 SInv}
 24043 | D:11     | Noticed Lightli's ghost (journeyman CoCK)
 24485 | D:11     | Found a transporter.
 24487 | D:11     | Identified the +1 dire flail of Taxation {vamp, rPois rCorr
                  | SInv}
 24511 | D:11     | Reached skill level 18 in Spellcasting
 24527 | D:11     | Offered knowledge of Arcjolt by Vehumet.
 24530 | D:11     | Found a transporter.
 24937 | D:11     | Found a bloodstained altar of Trog.
 25403 | D:12     | Identified the +2 trident "Zydiuqya" {freeze, Will+ Str+3}
 25412 | D:12     | Reached skill level 10 in Dodging
 25767 | D:12     | Found Kiclies's Book Emporium.
 25775 | D:12     | Bought a book of Lightning for 396 gold pieces
 25782 | D:12     | Learned a level 6 spell: Plasma Beam
 26211 | D:12     | Identified the +0 leather armour of the Other Side {rElec
                  | Regen+ Dex+3}
 26314 | D:13     | Found a gate to the Vaults.
 26323 | D:13     | Reached XP level 15. HP: 75/94 MP: 36/39
 26463 | D:13     | Noticed Snorg
 26466 | D:13     | Killed Snorg
 26467 | D:13     | Reached skill level 5 in Air Magic
 27083 | D:13     | Noticed Kirke
 27091 | D:13     | Killed Kirke
 27716 | D:14     | Reached skill level 19 in Spellcasting
 28155 | D:14     | Noticed Nessos
 28433 | D:14     | Killed Nessos
 28904 | D:15     | Entered Level 15 of the Dungeon
 29548 | D:15     | Found a sacrificial altar of Ru.
 29549 | D:15     | Found a glowing golden altar of the Shining One.
 30148 | D:15     | Offered knowledge of Eringya's Noxious Bog by Vehumet.
 30266 | D:15     | Found a staircase to the Depths.
 30333 | D:15     | Found an ornate altar of the Wu Jian Council.
 30630 | D:15     | Reached skill level 20 in Spellcasting
 30642 | D:15     | Noticed a frost giant
 30644 | D:15     | Killed a frost giant
 30862 | D:15     | Noticed a tengu reaver
 30863 | D:15     | Reached XP level 16. HP: 100/100 MP: 37/42
 30864 | D:15     | Reached skill level 1 in Armour
 30874 | D:15     | Killed a tengu reaver
 31332 | D:15     | Noticed a sphinx
 31344 | D:15     | Killed a sphinx
 31870 | D:15     | Learned a level 3 spell: Stone Arrow
 31892 | D:15     | Identified the +6 hand axe "Qekko" {venom, rN+ rCorr}
 32037 | D:15     | Identified the +5 rapier of Hubrestru {venom, rC+ rCorr
                  | Str+6 Dex+2}
 32039 | D:15     | Offered knowledge of Yara's Violent Unravelling by Vehumet.
 32225 | D:15     | Identified the staff "Pelitaps" {+Blink rPois rC+ Will-
                  | Int+2 Ice}
 32233 | D:15     | Identified the staff of Resumed Hostilities {rC+ MP+9 Dex+2
                  | Ice}
 32246 | D:15     | Identified the +5 glaive of Dominance {flame, rPois rF-
                  | Will+ Str+4}
 32401 | D:15     | Noticed a tengu reaver
 32409 | D:15     | Killed a tengu reaver
 32598 | D:15     | Reached skill level 10 in Air Magic
 32930 | Orc:2    | Bought a pair of gloves for 162 gold pieces
 32948 | Orc:2    | Learned a level 1 spell: Apportation
 33502 | Spider:1 | Entered Level 1 of the Spider Nest
 33822 | Spider:1 | Reached skill level 1 in Shields
 34133 | Spider:1 | Found a large runed translucent door.
 34133 | Spider:1 | Found a large runed translucent door.
 34135 | Spider:1 | Noticed mdonais's ghost (adept OpAl)
 34915 | Orc:2    | Bought the Directory of Blasted Shifting for 608 gold
                  | pieces
 34922 | Orc:2    | Learned a level 5 spell: Fireball
 36431 | Spider:2 | Found the amulet of the Four Winds {rN+ Will+++ Clar}
 36967 | Spider:3 | Reached skill level 5 in Armour
 37060 | Spider:3 | Reached XP level 17. HP: 104/104 MP: 36/43
 37421 | Spider:3 | Offered knowledge of Spellforged Servitor by Vehumet.
 37495 | Spider:3 | Reached ****** piety under Vehumet
 37914 | Spider:3 | Identified the serpent talisman "Nidam" {rN++}
 37914 | Spider:3 | Noticed Aizul
 37918 | Spider:3 | Killed Aizul
 38114 | Spider:3 | Noticed Arachne
 38120 | Spider:3 | Killed Arachne
 38560 | Spider:3 | Reached skill level 5 in Shields
 39761 | Spider:4 | Entered Level 4 of the Spider Nest
 39761 | Spider:4 | Noticed Donald
 39762 | Spider:4 | Killed Donald
 39930 | Spider:4 | Noticed Nikola
 40500 | Shoals:1 | Entered Level 1 of the Shoals
 40706 | Shoals:1 | Identified the ring of Xaepij {rC++ rN++ Int-2 Dex+6}
 40801 | Shoals:1 | Identified the ring "Woecw" {Int+6 Stlth+}
 41596 | Shoals:2 | Offered knowledge of Shatter by Vehumet.
 41596 | Shoals:2 | Offered knowledge of Chain Lightning by Vehumet.
 41596 | Shoals:2 | Offered knowledge of Maxwell's Capacitive Coupling by
                  | Vehumet.
 42595 | Shoals:2 | Reached XP level 18. HP: 110/110 MP: 20/44
 43935 | Shoals:3 | Found a sacrificial altar of Ru.
 43959 | Shoals:3 | Found Hoxzusm's Magic Scroll Shoppe.
 43992 | Shoals:3 | Bought a scroll of teleportation for 42 gold pieces
 44442 | Shoals:4 | Entered Level 4 of the Shoals
 44493 | Shoals:4 | Found a glacial archway.
 44518 | IceCv    | Entered an ice cave
 44645 | IceCv    | Reached skill level 21 in Spellcasting
 45126 | IceCv    | Found a viscous altar of Jiyva.
 45852 | Shoals:4 | Reached skill level 10 in Shields
 46491 | Shoals:4 | Noticed Ilsuiw
 46763 | Shoals:4 | Killed Ilsuiw
 47310 | Shoals:4 | Reached skill level 22 in Spellcasting
 47655 | Shoals:4 | Got a barnacled rune of Zot
 48240 | Spider:4 | Reached XP level 19. HP: 114/114 MP: 40/47
 48430 | Spider:3 | Learned a level 8 spell: Maxwell's Capacitive Coupling
 48499 | Spider:4 | Killed Nikola
 49383 | Spider:4 | Identified the +0 hat "Peplaryl" {MP+9 Str+3 Dex+4}
 49385 | Spider:4 | Got a gossamer rune of Zot
 49882 | Vaults:1 | Entered Level 1 of the Vaults
 50328 | Vaults:1 | Found a runed translucent door.
 50328 | Vaults:1 | Noticed Ruxt's ghost (adept MiFi)
 50814 | Vaults:1 | You fall into a shaft and drop 1 floor!
 51232 | Vaults:1 | Found Ceer's Armour Shop.
 51623 | Vaults:2 | Identified the +1 cloak of Classification {Rampage Dex+4}
 51639 | Vaults:2 | Reached skill level 23 in Spellcasting
 51837 | Vaults:2 | Paralysed by a formless jellyfish for 1 turns
 51841 | Vaults:2 | Paralysed by a formless jellyfish for 1 turns
 52133 | Vaults:2 | Found a staircase to the Crypt.
 52133 | Vaults:2 | Found a basalt altar of Yredelemnul.
 52134 | Vaults:2 | Found an ancient bone altar of Kikubaaqudgha.
 53604 | Vaults:2 | Identified the ring "Haex Fedo" {rN+++ rCorr Str-4 Int+3
                  | Stlth-}
 54486 | Vaults:3 | Reached XP level 20. HP: 107/120 MP: 36/49
 54564 | Vaults:3 | Reached skill level 24 in Spellcasting
 54598 | Vaults:3 | Identified the +7 spear of Bile {pain, +Blink Str+3 SInv}
 54614 | Vaults:3 | Identified the +0 ring mail "Caotuap" {Harm Int+2 Dex+3}
 54756 | Vaults:3 | Identified the +6 leather armour "Xazxetue" {rN+ Stlth+}
 54779 | Vaults:3 | Identified the ring of Poeqatan {rPois rN+ Str+3 SInv}
 56230 | Vaults:4 | Reached skill level 15 in Air Magic
 56238 | Vaults:4 | Reached skill level 15 in Conjurations
 56415 | Vaults:4 | Found a runed translucent gate.
 56415 | Vaults:4 | Found a runed translucent gate.
 56415 | Vaults:4 | Found a runed translucent gate.
 56813 | Vaults:4 | Identified a scroll of acquirement
 57215 | Vaults:4 | Reached skill level 25 in Spellcasting
 57689 | Vaults:4 | Acquired 666 gold pieces
 58150 | Elf:1    | Entered Level 1 of the Elven Halls
 58436 | Elf:1    | Noticed Frances
 58438 | Elf:1    | Killed Frances
 59235 | Elf:1    | Reached XP level 21. HP: 97/124 MP: 16/52
 59357 | Elf:1    | Found Ilijyjaa's Weapon Emporium.
 59383 | Elf:1    | Identified the granite talisman "Wystroyst" {Slay+2}
 59383 | Elf:1    | Noticed Roxanne
 59398 | Elf:1    | Killed Roxanne
 59609 | Elf:1    | Found a huge runed translucent gate.
 59610 | Elf:1    | Found a huge runed translucent gate.
 59611 | Elf:1    | Found a huge runed translucent gate.
 59611 | Elf:1    | Found a huge runed translucent gate.
 59611 | Elf:1    | Found a huge runed translucent gate.
 59611 | Elf:1    | Found a huge runed translucent gate.
 59611 | Elf:1    | Found a huge runed translucent gate.
 59611 | Elf:1    | Found a huge runed translucent gate.
 59953 | Elf:1    | Identified the +7 double sword of Ogiskasi {protect, Will+
                  | Dex+5}
 60299 | Elf:2    | Found Byesekh's Antique Armour Boutique.
 60317 | Elf:2    | Learned a level 8 spell: Ignition
 60355 | Elf:2    | Found Bipize Xexta's Assorted Antiques.
 60360 | Elf:2    | Bought a scroll of blinking for 240 gold pieces
 60360 | Elf:2    | Bought a scroll of revelation for 240 gold pieces
 60360 | Elf:2    | Bought a potion of mutation for 256 gold pieces
 60664 | Elf:2    | Found Fote's Magic Scroll Shop.
 60676 | Elf:2    | Bought 2 scrolls of blinking for 255 gold pieces
 60676 | Elf:2    | Bought a scroll of teleportation for 51 gold pieces
 60676 | Elf:2    | Bought a scroll of enchant armour for 127 gold pieces
 60772 | Elf:2    | Found a runed translucent gate.
 60772 | Elf:2    | Found a runed translucent gate.
 60773 | Elf:2    | Found a runed translucent gate.
 61098 | Elf:3    | Entered Level 3 of the Elven Halls
 62345 | Elf:3    | Identified the amulet of Cowardice {Faith Dex+3 SInv}
 62357 | Elf:3    | Identified the +6 trident of the Realm of Zot {protect,
                  | Dex+6}
 62666 | Elf:3    | Reached skill level 15 in Fire Magic
 62684 | Elf:3    | Identified the +1 shortbow of Iconoclasm {speed, rF+}
 62714 | Elf:3    | Got the Precepts of Burnt Points
 62750 | Elf:3    | Identified the +2 ring mail of Lesser Demons {-Cast rF+
                  | Str+2 Slay+5}
 63451 | Slime:1  | Entered Level 1 of the Pits of Slime
 64050 | Slime:5  | Entered Level 5 of the Pits of Slime
 64333 | Slime:5  | Noticed the Royal Jelly
 64337 | Slime:5  | Killed the Royal Jelly
 64359 | Slime:5  | Reached XP level 22. HP: 82/130 MP: 12/53
 64666 | Slime:5  | Identified the amulet of Cynicism {Spirit Rampage Regen+}
 64719 | Slime:5  | Identified the staff of the Tiger {rF+ Dex+4 SInv Fire}
 64733 | Slime:5  | Got a slimy rune of Zot
 64766 | Slime:5  | Identified the staff "Death Rattle" {rElec rCorr Dex-3
                  | Earth}
 64776 | Slime:5  | Identified the +9 halberd "Xisiloqicu" {drain, rN+}
 65376 | Depths:1 | Entered Level 1 of the Depths
 65500 | Depths:1 | Found a gateway to Hell.
 65500 | Depths:1 | Found Ankox's Clear Minds Boutique.
 65509 | Depths:1 | Bought the +2 pair of boots of Udian {rF+ Regen+ SInv Clar}
                  | for 934 gold pieces
 65845 | Depths:1 | Found a one-way gate leading to the halls of Pandemonium.
 66271 | Depths:1 | Noticed Asterion
 66284 | Depths:1 | Killed Asterion
 67430 | Depths:2 | Found Reegruiw's Jewellery Shop.
 67593 | Depths:2 | Noticed a golden dragon
 67607 | Depths:2 | Killed a golden dragon
 67802 | Depths:2 | Identified the +8 sling of Arrival {heavy, Str+3 Dex+5
                  | SInv}
 68070 | Depths:2 | Found Gevenor's Weapon Boutique.
 68155 | Depths:2 | Identified the +4 ring mail "Jemeobuf" {rN+}
 68405 | Depths:2 | Found a shimmering blue altar of Sif Muna.
 68724 | Depths:3 | Found a one-way gate to the infinite horrors of the Abyss.
 68975 | Depths:3 | Acquired 910 gold pieces
 68978 | Depths:3 | Identified the +0 chain mail of the Toothy God {+Inv Int+3}
 69011 | Depths:3 | Found a one-way gateway to a ziggurat.
 69536 | Depths:3 | Found Dupod's Magic Scroll Emporium.
 69540 | Depths:3 | Bought a scroll of blinking for 97 gold pieces
 69540 | Depths:3 | Bought a scroll of fear for 52 gold pieces
 69540 | Depths:3 | Bought a scroll of fog for 52 gold pieces
 69540 | Depths:3 | Bought a scroll of fear for 52 gold pieces
 69540 | Depths:3 | Bought a scroll of butterflies for 52 gold pieces
 69540 | Depths:3 | Bought a scroll of enchant armour for 97 gold pieces
 69684 | Depths:4 | Entered Level 4 of the Depths
 70909 | Depths:4 | Noticed a golden dragon
 70917 | Depths:4 | Killed a golden dragon
 70979 | Depths:4 | Found a gate to the Realm of Zot.
 71075 | Depths:3 | Noticed a caustic shrike
 71076 | Depths:3 | Reached skill level 15 in Shields
 71078 | Depths:3 | Killed a caustic shrike
 71079 | Depths:3 | Reached XP level 23. HP: 115/135 MP: 31/54
 71455 | Zot:1    | Entered Level 1 of the Realm of Zot
 72170 | Zot:1    | Found the +3 pair of mountain boots {steadfast, rC+}
 72432 | Zot:2    | Noticed a Killer Klown
 72441 | Zot:2    | Killed a Killer Klown
 72476 | Zot:2    | Identified the +10 great mace "Suolles" {venom, rN+ rCorr
                  | Str+7 Dex-2}
 72684 | Zot:2    | Noticed a curse toe
 72697 | Zot:2    | Killed a curse toe
 72721 | Zot:2    | Noticed a curse toe
 72729 | Zot:2    | Killed a curse toe
 73278 | Zot:2    | Noticed a curse toe
 73294 | Zot:2    | Killed a curse toe
 73343 | Zot:2    | Identified the +0 chain mail of Dishonour {rCorr}
 73538 | Zot:2    | Noticed a curse toe
 73549 | Zot:2    | Noticed a curse toe
 73758 | Zot:2    | Noticed a curse toe
 73784 | Zot:2    | Killed a curse toe
 74191 | Zot:2    | Killed a curse toe
 74490 | Zot:2    | Got the Annotations on Alchemical Necromancy
 74634 | Zot:2    | Killed a curse toe
 74852 | Zot:3    | Reached XP level 24. HP: 140/140 MP: 50/54
 75078 | Zot:3    | You fall into a shaft and drop 1 floor!
 75262 | Zot:3    | Found a runed translucent gate.
 75262 | Zot:3    | Found a runed translucent gate.
 75262 | Zot:3    | Found a runed translucent gate.
 75263 | Zot:3    | Noticed Kinwaexu's ghost (veteran OnBe)
 76854 | Zot:4    | Noticed an orb of fire
 77309 | Zot:4    | Gained mutation: You are dopey. (Int -2) [an orb of fire]
 77313 | Zot:4    | Killed an orb of fire
 77524 | Zot:5    | Entered Level 5 of the Realm of Zot
 78072 | Zot:5    | Noticed a Killer Klown
 78076 | Zot:5    | Killed a Killer Klown
 78094 | Zot:5    | Noticed a Killer Klown
 78101 | Zot:5    | Killed a Killer Klown
 78256 | Zot:5    | Noticed an ancient lich
 78257 | Zot:5    | Noticed a Killer Klown
 78257 | Zot:5    | Noticed a Killer Klown
 78260 | Zot:5    | Killed an ancient lich
 78261 | Zot:5    | Killed a Killer Klown
 78271 | Zot:5    | Killed a Killer Klown
 78307 | Zot:5    | Noticed an orb of fire
 78311 | Zot:5    | Killed an orb of fire
 78331 | Zot:5    | Noticed an orb of fire
 78334 | Zot:5    | Gained mutation: You are frail. (-10% HP) [an orb of fire]
 78349 | Zot:5    | Noticed an orb of fire
 78352 | Zot:5    | Gained mutation: Your spells are a little harder to cast,
                  | but a little more powerful. [an orb of fire]
 78353 | Zot:5    | Killed an orb of fire
 78354 | Zot:5    | Reached XP level 25. HP: 103/132 MP: 20/54
 78359 | Zot:5    | Noticed a Killer Klown
 78364 | Zot:5    | Killed a Killer Klown
 78493 | Zot:5    | Noticed a Killer Klown
 78497 | Zot:5    | Killed a Killer Klown
 78520 | Zot:5    | Noticed a Killer Klown
 78530 | Zot:5    | Killed a Killer Klown
 78537 | Zot:5    | Noticed a dread lich
 78540 | Zot:5    | Killed a dread lich
 78540 | Zot:5    | Noticed a Killer Klown
 78543 | Zot:5    | Killed a Killer Klown
 78667 | Zot:5    | Noticed a Killer Klown
 78668 | Zot:5    | Killed a Killer Klown
 78689 | Zot:5    | Killed an orb of fire
 78925 | Zot:5    | Noticed an ancient lich
 78929 | Zot:5    | Killed an ancient lich
 78934 | Zot:5    | Identified the +2 ring mail of Miqaam {Harm rF+}
 79258 | Zot:5    | Noticed an ancient lich
 79265 | Zot:5    | Killed an ancient lich
 79497 | Zot:5    | Got the Orb of Zot
 79566 | Zot:5    | Noticed Vukliul the pandemonium lord
 79586 | Zot:4    | Noticed Etyfas the pandemonium lord
 80278 | D:$      | Escaped with the Orb!

Illustrated notes

Levels and vault maps discovered:
D:1:      minmay_arrival_plants_in_alcoves, layout_basic,
          basic_ecumenical_altar, chequers_serial_rivers_micro_e,
          bh_walls_and_bars
D:2:      layout_loops_corners, uniq_terence
D:3:      layout_loops_ring, regret_index_temple_of_mockery, vehumet_crystals,
          nicolae_gozag_seed_capital, gup_sewer_entry_pipe
D:4:      layout_loops_ring, minmay_ruptured
D:5:      layout_basic, lightli_temple_of_fire,
          chequers_temple_overflow_minitemple, uniq_sigmund
D:6:      layout_loops_cross, temple_statues
D:7:      layout_basic, nicolae_dithmenos_shadow_blocks,
          chequers_temple_overflow_statue_of_worship, uniq_pikel, uniq_joseph,
          uniq_maggie, uniq_crazy_yiuf_cottage
D:8:      nicolae_whirlpool, layout_basic, chequers_serial_rivers_room_b,
          uniq_amaemon, uniq_jeremiah
D:9:      erik_cavepeople, layout_stronghold,
          nicolae_wu_jian_immortal_techniques, erik_lair_orcish_takeover
D:10:     layout_basic, orc_david_3, minmay_fire_ice_demons
D:11:     layout_basic, gammafunk_ghost_smash, trog_ov_bears_minmay
D:12:     layout_irregular_city, serial_shops, shop
D:13:     layout_roguey, erik_vaults_2, uniq_snorg, uniq_kirke
D:14:     layout_stronghold, kennysheep_decorative_pillar, serial_bayou_pond_e,
          uniq_nessos
D:15:     hangedman_slaughterboxes
Lair:1:   layout_gridlike, serial_bayou_crossing
Lair:2:   layout_concentric_octagons, shoals_dummy_entry,
          nicolae_spider_entry_non_spiders, grunt_megastairs_5
Lair:3:   layout_chaotic_city, kennysheep_catoblepas_arena
Lair:4:   layout_gridlike, slime_entry_2, lemuel_fruit_tree
Lair:5:   evil_forest, layout_loops_ring
Shoals:1: layout_shoals, nicolae_shoals_mertower
Shoals:2: layout_shoals, nicolae_shoals_nautilus_by_nature
Shoals:3: nicolae_shoals_offshore_bank_account, layout_shoals,
          nicolae_stop_n_shop_2, lemuel_oklob_altar
Shoals:4: shoals_end_grunt_ice, layout_shoals, shoals_ilsuiw_ice,
          portal_ice_cave_entry_pillars_four
Spider:1: layout_cave_pods, ebering_ghost_disaster_area
Spider:2: layout_spider_delve, hangedman_spider_tarantella_strand
Spider:3: nicolae_spider_hilbert_zone_4 [nicolae_spider_hilbert_4_sides_2_open,
          nicolae_spider_hilbert_4_sides_1_open,
          nicolae_spider_hilbert_4_sides_1_open,
          nicolae_spider_hilbert_4_sides_1_open,
          nicolae_spider_hilbert_4_sides_1_open,
          nicolae_spider_hilbert_2_sides_1_open,
          nicolae_spider_hilbert_2_sides_1_open,
          nicolae_spider_hilbert_2_sides_1_open,
          nicolae_spider_hilbert_2_sides_1_open,
          nicolae_spider_hilbert_6_sides_1_open,
          nicolae_spider_hilbert_6_sides_1_open,
          nicolae_spider_hilbert_3_sides_1_open,
          nicolae_spider_hilbert_3_sides_1_open],
          nicolae_spider_not_touching_you, uniq_arachne, uniq_aizul
Spider:4: hellmonk_spider_rune_bug_friends, uniq_nikola, uniq_donald
Slime:1:  layout_caves
Slime:2:  layout_caves
Slime:3:  layout_caves
Slime:4:  layout_caves
Slime:5:  slime_pit_nicolae_trefoil
Orc:1:    layout_caves
Orc:2:    grunt_orc_gardens, layout_caves, grunt_orc_garden, grunt_orc_garden,
          grunt_orc_garden, grunt_orc_garden, serial_shops, nicolae_shop_trees,
          uniq_jorgrun
Elf:1:    layout_loops_cross, serial_shops, shop, hangedman_elf_disciples,
          nicolae_elf_double_double_double_trouble, uniq_roxanne, uniq_frances
Elf:2:    elven_hall_of_blades_hangedman_original
          [nicolae_blade_entry_sentries_behind_glass], layout_loops_corners,
          serial_shops, shop, shop, nicolae_shop_waterfront
Elf:3:    elf_hall, layout_gridlike
Vaults:1: ebering_ghost_inner_flame, nicolae_vaults_variable_pillar_hall_cross,
          nicolae_vaults_apartment_1, nicolae_vaults_oval_intersection,
          ontoclasm_vaults_gateway, nicolae_vaults_taking_the_gang_shopping,
          nicolae_vaults_six-pack, vaults_room_grid, layout_vaults_omnigrid
Vaults:2: hangedman_vaults_restitches, nicolae_vaults_storage_room_glass,
          vaults_dpeg_diagonal, nicolae_vaults_closet_pinwheel_6, v_misc_4,
          nicolae_vaults_triangles, nicolae_vaults_octothorpe,
          nicolae_vaults_closet_pinwheel_1, v_misc_5, layout_vaults_omnicross,
          minmay_crypt_entry_necro_gods
Vaults:3: nicolae_vaults_apartment_1, nicolae_vaults_trapezoid_lopsided_4,
          nicolae_vaults_twisting_passages,
          nicolae_vaults_storing_the_good_stuff,
          nicolae_vaults_variable_pillar_hall, nicolae_vaults_cornered_office,
          v_misc_25, v_alt_pattern_1, v_misc_3, nicolae_vaults_apartment_2,
          layout_vaults_maze
Vaults:4: nicolae_vaults_hexular_roomagon, v_misc_13, ontoclasm_vaults_eye,
          nicolae_vaults_stepped_doors, v_alt_pattern_3,
          nicolae_vaults_apartment_1, grunt_vaults_funnel,
          abrahamwl_protected_by_tso_1, nicolae_vaults_double_plus_3, v_misc_28,
          v_misc_2, v_misc_4, vaults_room_fancy_cross, layout_vaults_omnibox
Depths:1: layout_gridlike, minmay_misc_feat_pillars, hell_entry,
          rand_demon_pan_entry_5, nicolae_clarity_for_sale, uniq_asterion
Depths:2: minmay_the_grid_triangle_9x9_rhombus_full_mashed
          [minmay_the_grid_triangle_9x9_windchime,
          minmay_the_grid_triangle_9x9_pentomino_pain,
          minmay_the_grid_triangle_9x9_zippers_horizontal,
          minmay_the_grid_triangle_9x9_checkered,
          minmay_the_grid_triangle_9x9_corrupted_corridor,
          minmay_the_grid_triangle_9x9_intruding_spiral,
          minmay_the_grid_triangle_9x9_limited_checkers,
          minmay_the_grid_triangle_9x9_prize_top_heavy], layout_small_grid,
          pf_vacation_house_of_asmodeus, pan_entry, serial_shops, shop,
          nicolae_shop_real_fake_doors, lemuel_blue_sif_altar,
          infiniplex_staircase_pool_2
Depths:3: minmay_isolated_rectangles_in_corner, layout_gridlike,
          enter_ziggurat_a, chequers_hall_statues_wall_a, hell_entry,
          serial_shops, nicolae_shop_back_alley_shop, serial_curves,
          eino_curves_01, eino_curves_02, abyss_entry,
          infiniplex_staircase_diamond
Depths:4: grunt_zot_entry_alcove, layout_gridlike, grunt_metal_band,
          chequers_decorated_corner, kennysheep_crisscross,
          nicolae_danse_macabre
Zot:1:    layout_onion, regret_index_zotdec_stipple_waver,
          regret_index_zotdec_twisting_globes
Zot:2:    regret_index_all_hallows'_manor, layout_misc_corridors,
          hellmonk_formless_pools
Zot:3:    layout_cathedral_of_symmetry, regret_index_zotdec_tunneler,
          ebering_ghost_rock_garden
Zot:4:    lemuel_draconian_sentries, layout_twisted_circle
Zot:5:    layout_basic, nicolae_tricolors

Skill      XL: |  1  2  3  4  5  6  7  8  9 10 11 12 13 14 15 16 17 18 19 20 21 22 23 24 25 |
---------------+----------------------------------------------------------------------------+-----
Conjurations   | 2 3 4 5 7 8 9 12 13 14 15 16 18 20 21 | 21.2
Spellcasting   | 4 5 6 7 8 10 13 14 16 18 20 22 23 25 | 25.0
Fire Magic     | 4 5 6 7 9 10 12 13 16 18 | 18.0
Fighting       | 10 11 12 13 | 13.3
Dodging        | 7 10 13 14 | 14.0
Air Magic      | 4 8 10 12 13 14 15 17 18 20 21 22 | 22.9
Alchemy        | 4 |  4.0
Ice Magic      | 4 |  4.0
Earth Magic    | 6 8 |  8.0
Translocations | 3 4 |  4.0
Armour         | 5 6 |  6.0
Shields        | 3 8 10 11 12 13 15 16 17 | 17.0
Stealth        | |  2.4

Action                     |  1- 3 |  4- 6 |  7- 9 | 10-12 | 13-15 | 16-18 | 19-21 | 22-24 | 25-27 || total
---------------------------+-------+-------+-------+-------+-------+-------+-------+-------+-------++-------
  Melee: Staff             |       |       |       |    18 |    13 |     7 |    11 |     7 |       ||    56
         Dagger            |       |       |       |    32 |       |       |       |       |       ||    32
         Unarmed           |       |       |       |    29 |       |       |       |       |       ||    29
         Punch             |       |       |       |     1 |       |       |       |       |       ||     1
         Rapier            |       |       |       |       |       |       |    10 |    20 |       ||    30
   Cast: Foxfire           |    64 |    77 |   117 |    44 |     6 |       |       |       |       ||   308
         Scorch            |       |     3 |    87 |    50 |       |       |       |       |       ||   140
         Flame Wave        |       |       |    25 |    62 |    38 |       |       |       |       ||   125
         Mephitic Cloud    |       |       |       |     4 |     7 |       |       |       |       ||    11
         Orb of Destructio |       |       |       |     3 |    50 |    13 |     6 |     5 |       ||    77
         Freezing Cloud    |       |       |       |     3 |     8 |       |       |       |       ||    11
         Sticky Flame      |       |       |       |     1 |     5 |       |       |       |       ||     6
         Bombard           |       |       |       |       |   209 |   102 |   182 |   182 |    22 ||   697
         Plasma Beam       |       |       |       |       |   111 |   447 |   363 |   170 |    17 ||  1108
         Irradiate         |       |       |       |       |       |    46 |    20 |    29 |     2 ||    97
         Stone Arrow       |       |       |       |       |       |    10 |       |       |       ||    10
         Fireball          |       |       |       |       |       |    32 |    28 |     7 |       ||    67
         Maxwell's Capacit |       |       |       |       |       |       |     6 |   132 |    40 ||   178
         Ignition          |       |       |       |       |       |       |    47 |    35 |     2 ||    84
         Apportation       |       |       |       |       |       |       |    24 |     3 |       ||    27
         Iskenderun's Myst |       |       |       |       |       |       |       |     4 |       ||     4
  Evoke: Wand              |       |       |     2 |     2 |       |     4 |       |     3 |       ||    11
         Lightning rod     |       |       |       |       |       |       |       |     4 |       ||     4
    Use: Potion            |       |     3 |     3 |     4 |       |     1 |     3 |     8 |     3 ||    25
         Scroll            |       |       |    11 |    13 |     4 |     6 |     3 |    18 |     4 ||    59
 Armour: Robe              |     8 |     5 |    51 |    90 |    63 |    25 |       |       |       ||   242
         Skin              |       |       |       |    49 |       |       |       |       |       ||    49
         Acid dragon scale |       |       |       |     2 |       |       |       |       |       ||     2
         Swamp dragon scal |       |       |       |       |       |   162 |   141 |   264 |    23 ||   590
  Dodge: Dodged            |     8 |    11 |    35 |   105 |    97 |   131 |    74 |   144 |    12 ||   617
  Block: Other             |       |       |       |       |    20 |     3 |       |       |       ||    23
         Reflection        |       |       |       |       |     7 |       |       |       |       ||     7
         Buckler           |       |       |       |       |       |    33 |    35 |       |       ||    68
         Kite shield       |       |       |       |       |       |       |    38 |   163 |     7 ||   208

Table legend: (Time is in decaauts)
 A = Elapsed time spent in this place.
 B = Non-inter-level travel time spent in this place.
 C = Inter-level travel time spent in this place.
 D = Time resting spent in this place.
 E = Time spent auto-exploring this place.
 F = Levels seen in this place.
 G = Mean time per level.
                   A        B        C        D        E       F      G
               +--------+--------+--------+--------+--------+-----+--------+
         Total |  80924 |  73508 |   7416 |   6954 |  55819 |  53 | 1526.9 |
       Dungeon |  23922 |  20831 |   3091 |   1010 |  16732 |  15 | 1594.8 |
          Lair |   8391 |   7430 |    961 |    915 |   5523 |   5 | 1678.2 |
        Shoals |   6770 |   6067 |    703 |   1170 |   4162 |   4 | 1692.5 |
   Spider Nest |   8371 |   7747 |    624 |   1407 |   5512 |   4 | 2092.8 |
    Slime Pits |   1560 |   1530 |     30 |    773 |    224 |   5 |  312.0 |
  Orcish Mines |   3132 |   2923 |    209 |    403 |   2146 |   2 | 1566.0 |
   Elven Halls |   4239 |   3932 |    307 |    105 |   3249 |   3 | 1413.0 |
        Vaults |   8313 |   7786 |    527 |      0 |   6939 |   4 | 2078.2 |
        Depths |   6480 |   6210 |    270 |    120 |   5428 |   4 | 1620.0 |
           Zot |   7863 |   7173 |    690 |    982 |   4583 |   5 | 1572.6 |
         Sewer |   1152 |   1152 |      0 |      0 |    902 |   1 | 1152.0 |
      Ice Cave |    726 |    726 |      0 |     69 |    418 |   1 |  726.0 |
               +--------+--------+--------+--------+--------+-----+--------+

Top non-repeatable levels by time:
    D:15: 4308 daAuts
Spider:3: 3954 daAuts
Shoals:3: 2668 daAuts
Vaults:2: 2582 daAuts
  Lair:2: 2368 daAuts
   Orc:2: 2272 daAuts
     D:9: 2221 daAuts
     D:8: 2139 daAuts
Vaults:3: 2102 daAuts
  Lair:5: 2033 daAuts
Spider:1: 2027 daAuts
Vaults:4: 1951 daAuts
   Zot:5: 1873 daAuts
   Zot:2: 1873 daAuts
Depths:4: 1859 daAuts
